 Dungeon Crawl Stone Soup version 0.18.1-6-gd335043 (webtiles) character file.

100 tyrsky the Magician (level 4, 0/27 HPs)
             Began as a High Elf Fire Elementalist on May 18, 2016.
             Was an Initiate of Vehumet.
             Slain by an iguana (8 damage)
             ... on level 3 of the Dungeon.
             The game lasted 00:07:57 (2023 turns).

tyrsky the Magician (High Elf Fire Elementalist)    Turns: 2023, Time: 00:07:58

Health: 0/27       AC:  3    Str:  8    XL:     4   Next: 46%
Magic:  15/20      EV: 13    Int: 18    God:    Vehumet [......]
Gold:   127        SH:  0    Dex: 16    Spells: 3 memorised, 3 levels left

rFire  . . .     SeeInvis .     k - -2 dagger (curse)
rCold  . . .     Gourm    .     a - +0 robe
rNeg   + . .     Faith    .     (no shield)
rPois  .         Spirit   .     (no helmet)
rElec  .         Dismiss  .     (no cloak)
rCorr  .         Reflect  .     (no gloves)
SustAt .         Harm     .     f - +0 pair of boots
MR     .....                    (no amulet)
Stlth  ++........               n - ring of magical power
                                i - ring of positive energy

@: not resistant to hostile enchantments, unstealthy
A: no striking features
a: Renounce Religion


You were on level 3 of the Dungeon.
You worshipped Vehumet.
Vehumet was noncommittal.
You were very hungry.

You visited 1 branch of the dungeon, and saw 4 of its levels.

You collected 127 gold pieces.

Inventory:

Hand Weapons
 e - a +2 short sword of venom
 h - a +0 short sword
 k - a cursed -2 dagger (weapon)
 o - a +0 vampiric dagger
Armour
 a - a +0 robe (worn)
 f - a +0 pair of boots (worn)
Jewellery
 i - a ring of positive energy (left hand)
 n - a ring of magical power (right hand)
 s - an uncursed amulet of rage {unknown}
Scrolls
 l - 2 scrolls of blinking {unknown}
 p - a scroll of remove curse {unknown}
 q - 2 scrolls of enchant weapon {unknown}
 u - a scroll of recharging {unknown}
 v - a scroll of identify {@*1}
 w - a scroll of magic mapping {unknown}
Potions
 g - a potion of flight
 m - 2 potions of heal wounds {unknown}
 r - 3 potions of degeneration {unknown}
 t - a potion of curing {unknown}
Books
 b - a book of Flames

   Spells                             Type                      Level
   a - Flame Tongue                   Conjuration/Fire             1
   b - Throw Flame                    Conjuration/Fire             2
   c - Conjure Flame                  Conjuration/Fire             3
   d - Inner Flame                    Hexes/Fire                   3
   e - Sticky Flame                   Conjuration/Fire             4
   f - Fireball                       Conjuration/Fire             5
Comestibles
 c - 2 bread rations
 d - 2 fruits
 j - 2 meat rations


   Skills:
 + Level 0.5 Short Blades
 - Level 2.1 Dodging
 - Level 2.1 Stealth
 * Level 4.0 Spellcasting
 + Level 2.0 Conjurations
 + Level 4.0 Fire Magic


You had 3 spell levels left.
You knew the following spells:

 Your Spells              Type           Power        Failure   Level  Hunger
a - Flame Tongue          Conj/Fire      ##...        4%          1    None
b - Conjure Flame         Conj/Fire      ##......     14%         3    ###....
c - Sticky Flame          Conj/Fire      ##......     41%         4    ####...


Dungeon Overview and Level Annotations

Branches:
Dungeon (4/15)
 Temple: D:4-7

Altars:
Fedhas
Vehumet

Annotations:
D:1 exclusion: gnoll


Message History

You climb upwards.
There is a stone staircase leading down here.
Casting: Flame Tongue
Confirm with . or Enter, or press ? or * to list all spells.
Aiming: Sticky Flame
Press: ? - help, Shift-Dir - straight line, f - iguana
Aim: an iguana (moderately wounded)
The sticky flame hits the iguana.
The iguana is heavily wounded.
The iguana is covered in liquid flames!
The iguana burns!
The iguana bites you!
* * * LOW HITPOINT WARNING * * *
Casting: Sticky Flame
Confirm with . or Enter, or press ? or * to list all spells.
Aiming: Flame Tongue
Press: ? - help, Shift-Dir - straight line, f/p - iguana
Aim: an iguana (severely wounded, covered in liquid flames)
The flame tongue hits the iguana.
The iguana appears unharmed.
The iguana is severely wounded.
The iguana burns!
The iguana bites you!
You die...

#.............# ###.
#.......).....#######...
#............†......'...
#.............#######...
#............(# #.#.
#######'####### #.## #.#
#.# #.######## #.#
#el......# #.#
####.###.# #.# #.###.#
#.# #..##.# #.# ##.##.#
#.# #.##.# #.# #.##.#
#.# #.##.# #.# #.(#.#
#.#


You could see an iguana (burning).

Vanquished Creatures
  Jessica (D:1)
  A gnoll (D:1)
  An adder (D:3)
  A dart slug (D:2)
  3 giant geckos
  A ball python (D:2)
  7 bats
  5 giant cockroaches
  6 goblins
  9 hobgoblins
  A quokka (D:2)
  3 giant newts
  3 kobolds (D:2)
  3 rats
45 creatures vanquished.

Vanquished Creatures (others)
  A goblin (D:1)
1 creature vanquished.

Grand Total: 46 creatures vanquished

Notes
Turn   | Place    | Note
--------------------------------------------------------------
     0 | D:1      | tyrsky the High Elf Fire Elementalist began the quest for the Orb.
     0 | D:1      | Reached XP level 1. HP: 11/11 MP: 4/4
   213 | D:1      | Reached XP level 2. HP: 10/17 MP: 3/6
   789 | D:2      | Noticed Jessica
   889 | D:1      | Reached XP level 3. HP: 21/21 MP: 4/8
   902 | D:1      | Killed Jessica
  1087 | D:2      | Learned a level 3 spell: Conjure Flame
  1095 | D:2      | Reached XP level 4. HP: 27/27 MP: 8/10
  1116 | D:2      | Learned a level 4 spell: Sticky Flame
  1493 | D:3      | Found a blossoming altar of Fedhas.
  1613 | D:3      | Found a radiant altar of Vehumet.
  1622 | D:3      | Became a worshipper of Vehumet
  2023 | D:3      | Slain by an iguana

Skill      XL: |  1  2  3  4 |
---------------+-------------+-----
Spellcasting   | 3 4 |  4.0
Conjurations   | 2 |  2.0
Fire Magic     | 4 |  4.0
Short Blades   | |  0.5
Dodging        | |  2.1
Stealth        | |  2.1

Action                   |  1- 3 |  4- 6 || total
-------------------------+-------+-------++-------
Melee: Short sword       |     3 |       ||     3
 Cast: Flame Tongue      |    42 |    37 ||    79
       Conjure Flame     |       |     1 ||     1
       Sticky Flame      |       |     1 ||     1
  Use: Potion            |     2 |       ||     2
       Scroll            |     2 |       ||     2
  Eat: Chunk             |       |     2 ||     2
Armor: Skin              |     3 |       ||     3
       Robe              |     1 |       ||     1
Dodge: Dodged            |     9 |     5 ||    14
